 Dungeon Crawl Stone Soup version 0.22.0-49-gab54619674 (webtiles) character file.

84 MaCx the Digger (level 4, 0/24 HPs)
             Began as a Gargoyle Earth Elementalist on Sept 9, 2018.
             Slain by a bat (1 damage)
             ... on level 3 of the Dungeon.
             The game lasted 00:07:10 (2507 turns).

MaCx the Digger (Gargoyle Earth Elementalist)       Turns: 2507, Time: 00:07:10

Health: 0/24       AC:  5    Str: 11    XL:     4   Next: 45%
Magic:  8/8        EV: 12    Int: 17    God:
Gold:   47         SH:  0    Dex: 10    Spells: 5/9 levels left

rFire    . . .     SeeInvis .   a - +0 whip
rCold    . . .     Gourm    .   (no shield)
rNeg     + . .     Faith    .   c - +0 robe
rPois    ∞         Spirit   .   (no helmet)
rElec    +         Reflect  .   (no cloak)
rCorr    .         Harm     .   (no gloves)
MR       .....                  (no boots)
Stlth    ++........             (no amulet)
HPRegen  0.08/turn              (no ring)
MPRegen  0.11/turn              (no ring)

@: no status effects
A: negative energy resistance 1, electricity resistance, unbreathing,
petrification resistance, rot immunity, AC +3
a: no special abilities


You were on level 3 of the Dungeon.
You were very hungry.

You visited 1 branch of the dungeon, and saw 3 of its levels.

You collected 47 gold pieces.

Inventory:

Hand Weapons
 a - a +0 whip (weapon)
Missiles
 b - 40 stones (quivered)
Armour
 c - a +0 robe (worn)
Scrolls
 f - a scroll of teleportation
 g - a scroll of immolation
 i - a scroll of random uselessness {unknown}
 k - a scroll of identify
Potions
 e - a potion of might {unknown}
 h - a potion of berserk rage {unknown}
 j - a potion of haste {unknown}
Comestibles
 d - 3 rations


   Skills:
 - Level 1.7 Dodging
 - Level 2.3 Stealth
 + Level 3.0 Spellcasting
 + Level 1.2 Conjurations
   Level 0.7 Transmutations
 + Level 4.8 Earth Magic


You had 5 spell levels left.
You knew the following spells:

 Your Spells              Type           Power        Failure   Level  Hunger
a - Sandblast             Erth           ###...       2%          1    None
b - Stone Arrow           Conj/Erth      ##....       16%         3    ###....

Your spell library contained the following spells:

 Spells                   Type           Power        Failure   Level  Hunger
 Passwall                 Tmut/Erth      ##......     9%          2    ##.....
 Petrify                  Tmut/Erth      ##......     50%         4    ####...
 Lee's Rapid Deconstruct  Erth           ###.......   56%         5    ######.


Dungeon Overview and Level Annotations

Branches:
Dungeon (3/15)

Altars:


Innate Abilities, Weirdness & Mutations

You are resistant to torment.
Your stone body is resilient. (AC +3)
You are immune to poison.
You resist negative energy. (rN+)
You are resistant to electric shocks. (rElec)
You can survive without breathing.
You are immune to petrification.
You are immune to rotting.


Message History

You closely miss the bat. The bat hits you.
* * * LOW HITPOINT WARNING * * *
The bat barely misses you. x2
You barely miss the bat. The bat hits you but does no damage.
You hit the bat.
The bat is severely wounded.
The bat misses you. The bat barely misses you.
You closely miss the bat.
The bat is severely wounded.
The bat hits you but does no damage. x2
You hit the bat but do no damage.
The bat is severely wounded.
The bat misses you. x2
The bat completely misses you.
You see here a scroll labeled GONIERHIKK.
You barely miss the bat.
The bat is severely wounded.
The bat hits you.
You die...

#####.#
#...b.#
#<# #†#
#.# #.#
#b# #@#
#.# #.#
#.# #.#
#.# #.#
#.#


You could see a bat.

Vanquished Creatures
  Robin (D:2)
  A gnoll (D:2)
  An ooze (D:1)
  A worm (D:2)
  4 dart slugs
  A leopard gecko (D:1)
  4 bats (D:1)
  5 giant cockroaches (D:1)
  9 goblins
  2 hobgoblins (D:2)
  4 jackals (D:1)
  A ball python (D:1)
  3 kobolds
  8 rats
45 creatures vanquished.

Notes
Turn   | Place    | Note
-------+----------+-------------------------------------------
     0 | D:1      | MaCx the Gargoyle Earth Elementalist began the quest for
                  | the Orb.
     0 | D:1      | Reached XP level 1. HP: 10/10 MP: 3/3
   274 | D:1      | Reached XP level 2. HP: 15/15 MP: 5/5
   621 | D:1      | Reached skill level 4 in Earth Magic
   855 | D:1      | Reached XP level 3. HP: 19/19 MP: 6/6
  1438 | D:1      | Learned a level 3 spell: Stone Arrow
  2196 | D:2      | Reached XP level 4. HP: 24/24 MP: 6/8
  2417 | D:2      | Noticed Robin
  2436 | D:2      | Killed Robin
  2436 | D:2      | Reached skill level 1 in Conjurations
  2486 | D:3      | HP: 1/24 [rat (1)]
  2500 | D:3      | HP: 1/24 [bat (1)]
  2507 | D:3      | Slain by a bat

Skill      XL: |  1  2  3  4 |
---------------+-------------+-----
Earth Magic    | 4 |  4.8
Spellcasting   | 3 |  3.0
Conjurations   | 1 |  1.2
Dodging        | |  1.7
Stealth        | |  2.3
Transmutations | |  0.7

Action                   |  1- 3 |  4- 6 || total
-------------------------+-------+-------++-------
Melee: Unarmed           |    19 |       ||    19
       Whip              |   166 |    49 ||   215
 Cast: Sandblast         |     4 |    13 ||    17
  Use: Scroll            |       |     2 ||     2
  Eat: Chunk             |     4 |       ||     4
Armor: Robe              |    67 |    29 ||    96
Dodge: Dodged            |   153 |    49 ||   202
